 Dungeon Crawl Stone Soup version 0.24.0-3-g28a8eb0610 (webtiles) character file.

Game seed: 14043724354146598305, levelgen mode: deterministic

90847 DildoBatman the Eclecticist (level 16, -1/122 HPs)
             Began as a Formicid Wizard on Nov 1, 2019.
             Was an Initiate of Gozag.
             Slain by a fire dragon (4 damage)
             ... on level 15 of the Dungeon.
             The game lasted 01:51:05 (24834 turns).

DildoBatman the Eclecticist (Formicid Wizard)      Turns: 24834, Time: 01:51:06

Health: -1/122     AC: 19    Str: 16    XL:     16   Next: 48%
Magic:  21/35      EV: 20    Int: 24    God:    Gozag
Gold:   2019       SH:  5    Dex: 15    Spells: 25/46 levels left

rFire    . . .     SeeInvis +   b - +6 rapier "Caent" {pierce, Str+3 Dex+4}
rCold    . . .     Gourm    .   t - +0 buckler
rNeg     . . .     Faith    .   o - +4 troll leather armour
rPois    +         Spirit   .   (helmet unavailable)
rElec    .         Reflect  .   K - +3 cloak of the Snail {Dex+2}
rCorr    .         Harm     .   H - +2 pair of gloves
MR       +....                  d - +0 pair of boots
Stlth    ++........             (no amulet)
HPRegen  0.70/turn              A - ring of poison resistance
MPRegen  0.24/turn              k - ring of wizardry

@: very slightly contaminated
A: permanent stasis, dig shafts and tunnels, four strong arms, antennae 3,
talons 1
a: Dig, Shaft Self, Potion Petition, Call Merchant, Bribe Branch, Renounce
Religion


You were on level 15 of the Dungeon.
You worshipped Gozag.
Gozag was most pleased with you.
You were very full.

You visited 4 branches of the dungeon, and saw 24 of its levels.
You visited 1 bazaar.

You collected 6668 gold pieces.
You spent 3923 gold pieces at shops.
You paid 726 gold pieces to Gozag.

Inventory:

Hand Weapons
 a - the +7 hunting sling of Contention {velocity, SInv}
   (You found it on level 8 of the Dungeon)

   Any stone fired from it inflicts extra damage.
   It lets you see invisible.
 b - the +6 rapier "Caent" (weapon) {pierce, Str+3 Dex+4}
   (You found it on level 3 of the Lair of Beasts)

   It inflicts extra damage upon your enemies.
   It affects your strength (+3).
   It affects your dexterity (+4).
 e - the +9 flail of Gih Ratae {chaos, rElec Dex+3}
   (You found it on level 2 of the Lair of Beasts)

   Each time it hits an enemy it has a different, random effect.
   It affects your dexterity (+3).
   It insulates you from electricity.
Missiles
 f - 429 stones
 y - 151 bolts
 B - 579 arrows
 O - 120 sling bullets
 R - 3 throwing nets (quivered)
Armour
 d - a +0 pair of boots (worn)
 o - a +4 troll leather armour (worn)
 t - a +0 buckler (worn)
 w - a +0 shield
 H - a +2 pair of gloves (worn)
 K - the +3 cloak of the Snail (worn) {Dex+2}
   (You bought it in a shop on level 2 of the Orcish Mines)

   It affects your dexterity (+2).
Magical Staves
 D - an uncursed staff of cold
 S - an uncursed staff of power
Jewellery
 k - a ring of wizardry (right hand)
 n - an uncursed ring of protection from cold
 r - an uncursed ring of magical power
 A - a ring of poison resistance (left hand)
 F - an uncursed ring of fire
 V - an uncursed ring of stealth {unknown}
 X - an uncursed ring of protection from fire
Wands
 g - a wand of flame (29)
 s - a wand of acid (24)
 P - a wand of iceblast (11)
 Q - a wand of paralysis (17)
 U - a wand of scattershot (5)
 W - a wand of disintegration (6)
Scrolls
 c - a scroll of torment
 j - 2 scrolls of fear
 m - a scroll of immolation
 x - 11 scrolls of remove curse
 z - 3 scrolls of identify
 C - 3 scrolls of magic mapping
 I - 7 scrolls of fog
 N - 2 scrolls of enchant weapon
 Y - a scroll of amnesia
 Z - a scroll of acquirement {unknown}
Potions
 h - 7 potions of might
 i - 3 potions of flight
 l - a potion of resistance
 p - 3 potions of agility
 q - 17 potions of curing
 u - 4 potions of brilliance
 E - 3 potions of ambrosia
 G - 3 potions of magic
 J - 10 potions of heal wounds
 L - 2 potions of cancellation
 M - 2 potions of invisibility
Miscellaneous
 T - a fan of gales
Comestibles
 v - 46 rations


   Skills:
 - Level 10.0 Fighting
 - Level 10.0 Armour
 - Level 12.8 Dodging
 - Level 2.4 Stealth
 - Level 3.0 Shields
 * Level 15.8 Spellcasting
 - Level 6.0 Conjurations
   Level 1.0 Summonings
 - Level 10.0 Necromancy
   Level 0.8 Translocations
 - Level 5.0 Fire Magic
 - Level 5.1 Air Magic
 - Level 10.0 Earth Magic


You had 25 spell levels left.
You knew the following spells:

 Your Spells              Type           Power        Failure   Level  Hunger
a - Conjure Flame         Conj/Fire      #####...     1%          3    None
b - Borgnjor's Vile Clut  Necr/Erth      ######....   1%          5    #......
d - Vampiric Draining     Necr           ######....   1%          3    None
e - Mephitic Cloud        Conj/Pois/Air  #####...     1%          3    None
h - Dispel Undead         Necr           ######..     1%          5    #......
z - Sublimation of Blood  Necr           ######....   1%          2    None

Your spell library contained the following spells:

 Spells                   Type           Power        Failure   Level  Hunger
 Animate Skeleton         Necr           N/A          1%          1    None
 Magic Dart               Conj           ####         1%          1    None
 Pain                     Necr           ####         1%          1    None
 Sandblast                Erth           ######       1%          1    None
 Call Imp                 Summ           ###.....     1%          2    None
 Passwall                 Tmut/Erth      #####...     1%          2    None
 Slow                     Hex            ###.....     1%          2    None
 Static Discharge         Conj/Air       #####...     1%          3    None
 Stone Arrow              Conj/Erth      ######       1%          3    None
 Animate Dead             Necr           N/A          1%          4    None
 Petrify                  Tmut/Erth      #####...     1%          4    None
 Agony                    Necr           ######..     1%          5    #......
 Lee's Rapid Deconstruct  Erth           ######....   1%          5    #......
 Excruciating Wounds      Chrm/Necr      #####.....   4%          5    #......
 Lightning Bolt           Conj/Air       #####.....   4%          5    #......
 Haunt                    Necr/Summ      #####.....   71%         7    ######.
 Borgnjor's Revivificati  Necr           ######....   78%         8    #######
 Infestation              Necr           ######....   78%         8    #######
 Death's Door             Chrm/Necr      #####.....   100%        8    #######
 Ignition                 Fire           #####.....   100%        8    #######
 Necromutation            Tmut/Necr      #####.....   100%        8    #######
 Shatter                  Erth           ######....   100%        9    #######
 Tornado                  Air            #####.....   100%        9    #######
 Blink                    Tloc           Unusable     N/A         2    N/A

Dungeon Overview and Level Annotations

Branches:
Dungeon (15/15)            Temple (1/1) D:5            Lair (6/6) D:10
  Swamp (0/4) Lair:3        Snake (0/4) Lair:4        Slime (0/5) Lair:6
    Orc (2/2) D:9             Elf (0/3) Orc:2        Vaults (0/5) D:14
 Depths: D:15

Altars:
Ashenzari
Cheibriados
Dithmenos
Elyvilon
Fedhas
Gozag
Hepliaklqana
Kikubaaqudgha
Makhleb
Nemelex Xobeh
Okawaru
Qazlal
Ru
Sif Muna
Trog
Uskayaw
Vehumet
Wu Jian
Xom
Yredelemnul
Zin
The Shining One
Beogh
Jiyva

Shops:
D:6 [   D:9 ?([:   D:10 %   Orc:2 *}[!

Portals:
Trove: D:14 (give 14 potions of heal wounds)

Annotations:
D:15 1 exclusion


Innate Abilities, Weirdness & Mutations

You cannot be hasted, slowed, berserked, paralysed or teleported.
You can dig through walls and to a lower floor.
Your four strong arms can wield two-handed weapons with a shield.
You have a pair of large antennae on your head. (SInv)
You have sharp toenails.


Message History

The fire dragon claws you!
The fire dragon tramples you but does no damage.
Casting: Borgnjor's Vile Clutch (safe; 1% risk of failure)
Confirm with . or Enter, or press ? or * to list all spells.
Aiming: Borgnjor's Vile Clutch (safe; 1% risk of failure)
Press: ? - help, Dir - move target cursor, f/p - fire crab
Aim: a fire crab (flame, moderately wounded) Decaying hands burst forth from the earth!
Zombie hands grab the fire crab.
Zombie hands grab the fire dragon.
You are engulfed in blazing flames.
The zombie hands constrict the fire crab!
The zombie hands constrict the fire dragon, but do no damage.
The fire crab closely misses you.
The fire crab claws you but does no damage.
The fire dragon bites you! The fire dragon barely misses you.
The fire dragon tramples you.
You die...
Your body crumbles into a pile of gold.

............#
............ ########...#
+......#...# .
#......#...# ..
#......#...# ####...
#####'##...# )......
?..........#######○......
...............○@t.......
##.............○○D○......
#..............○........
#.......................
########################


You could see a fire dragon and a fire crab.

Vanquished Creatures
  Jorgrun (D:14)
  Agnes (D:14)
  An ironheart preserver (D:14)
  2 entropy weavers (Lair:4)
  Azrael (D:14)
  The ghost of Ined the Severer, a journeyman MiBe of Trog (D:13)
  A fire dragon (Lair:6)
  Josephine (D:14)
  The ghost of Mrkan the Cleaver, a journeyman MiFi of Makhleb (Lair:1)
  Harold (D:8)
  5 hydras
  3 centaur warriors
  2 ogre magi (Orc:2)
  10 two-headed ogres
  4 tengu warriors (D:15)
  A queen ant (Lair:4)
  An orc high priest (Orc:1)
  2 unseen horrors
  2 deep trolls (Orc:2)
  A swamp dragon (Lair:6)
  5 cyclopes
  An oklob plant (Lair:3)
  2 orc knights
  An orc sorcerer (Orc:1)
  9 ugly things
  A manticore (D:12)
  2 moths of wrath (Lair:6)
  4 black mambas
  A gargoyle (D:15)
  15 spiny frogs
  3 torpor snails (Lair:6)
  A death yak zombie (Lair:6)
  A rime drake (Lair:6)
  8 komodo dragons
  A death yak skeleton (Lair:6)
  12 trolls
  A queen bee (Lair:1)
  3 meliai (D:13)
  A polar bear (Lair:5)
  11 tyrant leeches (Lair:6)
  A catoblepas skeleton (Lair:6)
  2 hydra zombies
  3 hornets
  6 blink frogs (Lair:3)
  9 hippogriffs
  3 bog bodies (Lair:3)
  6 hydra skeletons
  9 dream sheep (Lair:5)
  A vampire (D:15)
  A meliai zombie (D:15)
  A shadow (D:14)
  Sigmund (D:2)
  42 yaks
  Eustachio (D:6)
  A black mamba zombie (Lair:3)
  6 fire bats (Lair:2)
  4 wraiths
  7 basilisks
  Grum (D:11)
  A basilisk (shapeshifter) (D:14)
  6 wyverns
  2 black mamba skeletons
  6 steam dragons
  A hungry ghost (D:8)
  4 vampire mosquitoes
  4 nagas (Lair:4)
  A warg (Orc:1)
  3 acid dragons
  5 swamp worms
  16 soldier ants
  5 hell hounds (D:14)
  9 water moccasins
  5 porcupines
  17 orc warriors
  2 hornet zombies
  A phantom (D:14)
  3 black bears
  A blink frog zombie (Lair:3)
  An ice beast (D:12)
  3 eyes of draining
  An elephant zombie (Lair:3)
  5 spiny frog skeletons
  5 sky beasts
  8 wolves
  A dream sheep zombie (Lair:5)
  22 ogres
  17 centaurs
  A torpor snail zombie (Lair:6)
  2 blink frog skeletons
  2 dream sheep skeletons
  19 crocodiles
  19 bullfrogs
  2 komodo dragon zombies (Lair:3)
  A hippogriff zombie (Lair:5)
  3 big kobolds
  A gnoll sergeant (D:10)
  4 komodo dragon skeletons
  A wyvern zombie (D:13)
  2 water moccasin zombies
  3 scorpions
  A wyvern skeleton (Lair:4)
  4 water moccasin skeletons
  30 killer bees
  A yak zombie (Lair:3)
  5 wights (D:11)
  2 yak skeletons (Lair:3)
  2 electric eels (D:10)
  2 howler monkeys (D:9)
  2 bullfrog zombies
  7 crimson imps
  6 hounds
  6 jellies
  20 orc wizards
  6 bullfrog skeletons
  17 orc priests
  A basilisk zombie (Lair:5)
  11 centaur skeletons
  2 iguanas
  A porcupine zombie (Lair:3)
  20 worker ants
  2 porcupine skeletons
  2 killer bee zombies
  2 crocodile zombies
  2 crocodile skeletons
  A hound zombie (D:8)
  A spectral worker ant (D:11)
  2 hound skeletons (D:11)
  6 worker ant zombies
  8 gnolls
  10 adders
  3 shadow imps
  3 oozes
  An adder skeleton (D:9)
  5 worms
  3 dart slugs
  11 leopard geckos
  83 orcs
  6 giant cockroaches
  6 hobgoblins
  3 jackals (D:1)
  13 kobolds
  3 quokkas
  5 ball pythons
  7 bats
  4 frilled lizards
  8 goblins
  A jackal zombie (D:7)
  2 leopard gecko zombies
  2 quokka skeletons
  3 rats
  A fire vortex (Lair:2)
  4 fungi (Lair:6)
  9 plants
813 creatures vanquished.

Vanquished Creatures (collateral kills)
  An orc sorcerer (Orc:1)
  A soldier ant (Lair:4)
  2 worker ants (Lair:4)
4 creatures vanquished.

Vanquished Creatures (others)
  A dancing weapon (D:13)
  A wizard (D:3)
  2 yaks
  A killer bee (D:10)
  An electric eel (Lair:3)
  17 fungi
  11 plants
34 creatures vanquished.

Grand Total: 851 creatures vanquished

Notes
Turn   | Place    | Note
-------+----------+-------------------------------------------
     0 | D:1      | DildoBatman the Formicid Wizard began the quest for the
                  | Orb.
     0 | D:1      | Reached XP level 1. HP: 13/13 MP: 4/4
    19 | D:1      | Reached skill level 1 in Conjurations
   350 | D:1      | Reached XP level 2. HP: 19/19 MP: 3/6
   923 | D:1      | Reached XP level 3. HP: 17/24 MP: 0/7
   928 | D:1      | Learned a level 3 spell: Conjure Flame
   932 | D:1      | Learned a level 3 spell: Mephitic Cloud
  1775 | D:2      | Reached XP level 4. HP: 28/30 MP: 3/8
  2311 | D:2      | Noticed Sigmund
  2544 | D:3      | Found a hazy altar of Hepliaklqana.
  2841 | D:3      | Reached XP level 5. HP: 30/35 MP: 2/9
  3049 | D:3      | Found a bloodstained altar of Trog.
  3136 | D:3      | Noticed a wizard
  3140 | D:3      | Killed a wizard
  3330 | D:4      | Noticed a hippogriff
  3362 | D:4      | Found an iron altar of Okawaru.
  3876 | D:4      | Reached XP level 6. HP: 41/41 MP: 8/10
  3913 | D:4      | Reached skill level 5 in Conjurations
  4191 | D:4      | Noticed a sky beast
  4197 | D:4      | Killed a sky beast
  4314 | D:5      | Entered Level 5 of the Dungeon
  4406 | D:5      | Found a staircase to the Ecumenical Temple.
  4415 | Temple   | Entered the Ecumenical Temple
  4547 | Temple   | Became a worshipper of Kikubaaqudgha
  4846 | D:4      | Killed a hippogriff
  4846 | D:4      | Reached skill level 1 in Air Magic
  4846 | D:4      | Reached XP level 7. HP: 16/46 MP: 8/11
  5412 | D:2      | Killed Sigmund
  5412 | D:2      | Reached XP level 8. HP: 48/52 MP: 5/12
  6211 | D:6      | Found a hide-covered altar of Uskayaw.
  6272 | D:6      | Noticed Eustachio
  6408 | D:6      | Killed Eustachio
  6408 | D:6      | Reached * piety under Kikubaaqudgha
  6408 | D:6      | Identified Kikubaaqudgha's Volume of Necromancy
                  | (Kikubaaqudgha gifted it to you on level 6 of the Dungeon)
  6408 | D:6      | Received a gift from Kikubaaqudgha
  6408 | D:6      | Reached skill level 5 in Fire Magic
  6429 | D:6      | Learned a level 2 spell: Sublimation of Blood
  6433 | D:6      | Learned a level 3 spell: Vampiric Draining
  6478 | D:6      | Found Rant's Armour Emporium.
  6574 | D:6      | Found a glowing golden altar of the Shining One.
  6617 | D:6      | Reached skill level 1 in Necromancy
  6734 | D:6      | Got a twisted leather armour
  6745 | D:6      | Identified the +1 leather armour "Luvoiqidd" {*Slow rPois
                  | rF+ rN+} (You found it on level 6 of the Dungeon)
  6800 | D:6      | Reached XP level 9. HP: 30/57 MP: 10/13
  6958 | D:6      | Found a shimmering blue altar of Sif Muna.
  7145 | D:7      | Noticed a hornet
  7154 | D:7      | Killed a hornet
  7154 | D:7      | Reached skill level 5 in Air Magic
  7348 | D:7      | Reached ** piety under Kikubaaqudgha
  7372 | D:7      | Reached skill level 5 in Necromancy
  7793 | D:7      | Noticed a hornet
  7814 | D:7      | Killed a hornet
  8031 | D:8      | Reached XP level 10. HP: 29/63 MP: 2/14
  8383 | D:8      | Noticed Harold
  8465 | D:8      | Killed Harold
  8660 | D:8      | Reached *** piety under Kikubaaqudgha
  8660 | D:8      | Identified Kikubaaqudgha's Papyrus of Stolen Souls
                  | (Kikubaaqudgha gifted it to you on level 8 of the Dungeon)
  8660 | D:8      | Received a gift from Kikubaaqudgha
  8777 | D:8      | Reached skill level 4 in Spellcasting
  8828 | D:8      | Got a jewelled hunting sling
  8829 | D:8      | Identified the +7 hunting sling of Contention {velocity,
                  | SInv} (You found it on level 8 of the Dungeon)
  9002 | D:9      | Found Waistott's Antique Armour Shop.
  9083 | D:9      | Reached skill level 5 in Spellcasting
  9113 | D:9      | Found Jaacocse's Book Shop.
  9198 | D:9      | Found Sall's Distillery.
  9205 | D:9      | Bought a potion of mutation for 88 gold pieces
  9205 | D:9      | Bought 2 potions of mutation for 176 gold pieces
  9205 | D:9      | Gained mutation: You are dopey. (Int -2) [potion of
                  | mutation]
  9205 | D:9      | Gained mutation: Your spells are a little harder to cast,
                  | but a little more powerful. [potion of mutation]
  9206 | D:9      | Lost mutation: You are dopey. (Int -2) [potion of mutation]
  9206 | D:9      | Lost mutation: Your spells are a little harder to cast, but
                  | a little more powerful. [potion of mutation]
  9206 | D:9      | Gained mutation: You possess an exceptional clarity of
                  | mind. [potion of mutation]
  9206 | D:9      | Gained mutation: You are partially covered in large bone
                  | plates. (SH +4) [potion of mutation]
  9207 | D:9      | Lost mutation: You possess an exceptional clarity of mind.
                  | [potion of mutation]
  9207 | D:9      | Lost mutation: You are partially covered in large bone
                  | plates. (SH +4) [potion of mutation]
  9207 | D:9      | Gained mutation: You are resistant to hostile enchantments.
                  | (MR+) [potion of mutation]
  9207 | D:9      | Gained mutation: You are highly resistant to hostile
                  | enchantments. (MR++) [potion of mutation]
  9280 | D:9      | Reached skill level 6 in Spellcasting
  9349 | D:9      | Found a staircase to the Orcish Mines.
  9420 | D:9      | Found a white marble altar of Elyvilon.
  9493 | D:9      | Found Viuppa's Magic Scroll Boutique.
  9502 | D:9      | Found Hyhonedu's Antique Weapon Shoppe.
  9520 | D:9      | Reached XP level 11. HP: 61/68 MP: 21/21
  9545 | D:9      | Found a shadowy altar of Dithmenos.
  9795 | D:10     | Entered Level 10 of the Dungeon
  9868 | D:10     | Reached skill level 7 in Spellcasting
  9893 | D:10     | Learned a level 5 spell: Dispel Undead
  9899 | D:10     | Learned a level 5 spell: Borgnjor's Vile Clutch
  9950 | D:10     | Reached skill level 10 in Necromancy
  9950 | D:10     | Reached skill level 1 in Earth Magic
  9986 | D:10     | Reached **** piety under Kikubaaqudgha
 10154 | D:10     | Reached skill level 5 in Earth Magic
 10219 | D:10     | Found a staircase to the Lair.
 10343 | D:10     | Noticed an unseen horror
 10357 | D:10     | Killed an unseen horror
 10500 | D:10     | Found Pairiat's Food Shop.
 11052 | D:11     | Reached ***** piety under Kikubaaqudgha
 11125 | D:11     | Noticed a cyclops
 11132 | D:11     | Killed a cyclops
 11156 | D:11     | Noticed a five-headed hydra
 11177 | D:11     | Killed a five-headed hydra
 11340 | D:11     | Noticed Grum
 11348 | D:11     | Killed Grum
 11348 | D:11     | Reached skill level 10 in Earth Magic
 11412 | D:11     | Lost mutation: You are highly resistant to hostile
                  | enchantments. (MR++) [potion of mutation]
 11412 | D:11     | Lost mutation: You are resistant to hostile enchantments.
                  | (MR+) [potion of mutation]
 11412 | D:11     | Gained mutation: You are frail. (-10% HP) [potion of
                  | mutation]
 11412 | D:11     | Gained mutation: You are partially covered in yellow
                  | scales. (AC +2) [potion of mutation]
 11542 | D:11     | Reached skill level 1 in Fighting
 11549 | D:11     | Reached skill level 1 in Armour
 11549 | D:11     | Reached XP level 12. HP: 63/68 MP: 12/23
 11710 | Orc:1    | Entered Level 1 of the Orcish Mines
 11778 | Orc:1    | Reached skill level 5 in Dodging
 12240 | Orc:1    | Noticed an orc high priest
 12248 | Orc:1    | Killed an orc high priest
 12367 | Orc:2    | Entered Level 2 of the Orcish Mines
 12367 | Orc:2    | Found Ebli's Gadget Shoppe.
 12376 | Orc:2    | Found a staircase to the Elven Halls.
 12438 | Orc:2    | Reached skill level 5 in Fighting
 12471 | Orc:2    | Noticed a deep troll
 12480 | Orc:2    | Reached skill level 5 in Armour
 12480 | Orc:2    | Killed a deep troll
 12489 | Orc:2    | Noticed a two-headed ogre
 12489 | Orc:2    | Noticed an ogre mage
 12498 | Orc:2    | Killed a two-headed ogre
 12506 | Orc:2    | Killed an ogre mage
 12581 | Orc:2    | Noticed a deep troll
 12596 | Orc:2    | Killed a deep troll
 12617 | Orc:2    | Noticed a two-headed ogre
 12634 | Orc:2    | Killed a two-headed ogre
 12634 | Orc:2    | Reached XP level 13. HP: 84/84 MP: 13/24
 12847 | Orc:2    | Reached ****** piety under Kikubaaqudgha
 12927 | D:9      | Received a gift from Kikubaaqudgha
 12928 | D:9      | Fell from the grace of Kikubaaqudgha
 13080 | Temple   | Became a worshipper of Gozag Ym Sagoz the Greedy
 13213 | D:9      | Bought a scroll of identify for 24 gold pieces
 13213 | D:9      | Bought a scroll of fog for 24 gold pieces
 13213 | D:9      | Bought a scroll of identify for 24 gold pieces
 13393 | Orc:2    | Reached skill level 10 in Dodging
 13452 | Orc:2    | Found Kael's Distillery.
 13465 | Orc:2    | Found Paitipt's General Store.
 13787 | Orc:2    | Found Plog's Antique Armour Shoppe.
 13795 | Orc:2    | Bought a heavily runed cloak for 313 gold pieces
 13800 | Orc:2    | Identified the +3 cloak of the Snail {Dex+2} (You bought it
                  | in a shop on level 2 of the Orcish Mines)
 13805 | Orc:2    | Bought a potion of heal wounds for 60 gold pieces
 13805 | Orc:2    | Bought a scroll of magic mapping for 42 gold pieces
 13866 | Orc:2    | Found a roughly hewn altar of Beogh.
 14048 | Lair:1   | Entered Level 1 of the Lair of Beasts
 14049 | Lair:1   | Found a runed translucent door.
 14049 | Lair:1   | Noticed Mrkan's ghost (journeyman MiFi)
 14060 | Lair:1   | Killed Mrkan's ghost
 15021 | Lair:2   | Got a bloodstained flail
 15037 | Lair:2   | Reached XP level 14. HP: 97/97 MP: 20/25
 15894 | Lair:2   | Identified the +9 flail of Gih Ratae {chaos, rElec Dex+3}
                  | (You found it on level 2 of the Lair of Beasts)
 16178 | Lair:3   | Lost mutation: You are frail. (-10% HP) [potion of
                  | mutation]
 16178 | Lair:3   | Gained mutation: Your mind is acute. (Int +2) [potion of
                  | mutation]
 16178 | Lair:3   | Gained mutation: You are somewhat resistant to further
                  | mutation. [potion of mutation]
 16237 | Lair:3   | Reached skill level 10 in Fighting
 16371 | Lair:3   | Reached skill level 10 in Armour
 16632 | Lair:3   | Got an opalescent robe
 16788 | Lair:3   | Found a staircase to the Swamp.
 16838 | Lair:3   | Got a smoking rapier
 17124 | Lair:3   | Identified the +0 robe "Muminkuza" {MR+} (You found it on
                  | level 3 of the Lair of Beasts)
 17135 | Lair:3   | Identified the +6 rapier "Caent" {pierce, Str+3 Dex+4} (You
                  | found it on level 3 of the Lair of Beasts)
 17342 | Lair:4   | Reached skill level 8 in Spellcasting
 17647 | Lair:4   | Noticed an entropy weaver
 17651 | Lair:4   | Killed an entropy weaver
 17659 | Lair:4   | Noticed an entropy weaver
 17662 | Lair:4   | Reached skill level 9 in Spellcasting
 17689 | Lair:4   | Killed an entropy weaver
 18040 | Lair:4   | Found a staircase to the Snake Pit.
 18074 | Lair:4   | Reached skill level 1 in Shields
 18611 | Lair:5   | Reached skill level 10 in Spellcasting
 18692 | Lair:5   | Reached XP level 15. HP: 82/115 MP: 24/29
 19439 | Lair:6   | Entered Level 6 of the Lair of Beasts
 19556 | Lair:6   | Was forgiven by Kikubaaqudgha
 19631 | Lair:6   | Reached skill level 11 in Spellcasting
 20068 | Lair:6   | Reached skill level 12 in Spellcasting
 20305 | Lair:6   | Found a viscous altar of Jiyva.
 20305 | Lair:6   | Found a staircase to the Slime Pits.
 20594 | Lair:6   | Lost mutation: Your mind is acute. (Int +2) [potion of
                  | mutation]
 20594 | Lair:6   | Lost mutation: You are partially covered in yellow scales.
                  | (AC +2) [potion of mutation]
 20594 | Lair:6   | Lost mutation: You are somewhat resistant to further
                  | mutation. [potion of mutation]
 20594 | Lair:6   | Gained mutation: You have sharp toenails. [potion of
                  | mutation]
 21358 | D:6      | Bought a cursed +0 pair of boots for 18 gold pieces
 21447 | D:9      | Bought a potion of curing for 33 gold pieces
 21447 | D:9      | Bought a potion of might for 44 gold pieces
 21447 | D:9      | Bought a potion of agility for 44 gold pieces
 21447 | D:9      | Bought a potion of curing for 33 gold pieces
 21447 | D:9      | Bought a potion of invisibility for 88 gold pieces
 21447 | D:9      | Bought a potion of cancellation for 88 gold pieces
 21507 | Orc:2    | Bought a potion of curing for 51 gold pieces
 21507 | Orc:2    | Bought a potion of agility for 68 gold pieces
 21507 | Orc:2    | Bought a potion of heal wounds for 85 gold pieces
 21507 | Orc:2    | Bought a potion of curing for 51 gold pieces
 21507 | Orc:2    | Bought a potion of magic for 136 gold pieces
 21507 | Orc:2    | Bought a potion of curing for 51 gold pieces
 21507 | Orc:2    | Bought a potion of might for 68 gold pieces
 21507 | Orc:2    | Bought a potion of curing for 51 gold pieces
 21507 | Orc:2    | Bought a potion of curing for 51 gold pieces
 21512 | Orc:2    | Bought a wand of iceblast (6) for 150 gold pieces
 21512 | Orc:2    | Bought a wand of acid (6) for 300 gold pieces
 21512 | Orc:2    | Bought a wand of acid (4) for 240 gold pieces
 21623 | D:12     | Found a flickering gateway to a bazaar.
 21679 | D:12     | Reached skill level 13 in Spellcasting
 21782 | Bazaar   | Entered a bazaar
 21786 | Bazaar   | Found Ygasuwn's Distillery.
 21804 | Bazaar   | Found Wifas's Antique Weapon Emporium.
 21821 | Bazaar   | Found Tulubred's Weapon Boutique.
 21838 | Bazaar   | Found Poosyl Kosm's Book Shoppe.
 21860 | Bazaar   | Bought a book of the Tempests for 910 gold pieces
 21876 | Bazaar   | Bought a potion of curing for 54 gold pieces
 21876 | Bazaar   | Bought a potion of curing for 54 gold pieces
 21876 | Bazaar   | Bought a potion of might for 72 gold pieces
 21876 | Bazaar   | Bought a potion of magic for 144 gold pieces
 21876 | Bazaar   | Bought a potion of brilliance for 72 gold pieces
 21876 | Bazaar   | Bought a potion of brilliance for 72 gold pieces
 21876 | Bazaar   | Bought a potion of heal wounds for 90 gold pieces
 21876 | Bazaar   | Bought a potion of curing for 54 gold pieces
 22689 | D:13     | Got a shimmering quarterstaff
 22792 | D:13     | Found a runed translucent door.
 22792 | D:13     | Found a shimmering altar of Xom.
 22792 | D:13     | Noticed Ined's ghost (journeyman MiBe)
 22804 | D:13     | Killed Ined's ghost
 23174 | D:13     | Identified the cursed +2 quarterstaff of the Endless
                  | Expanse {protect, MP+9 Str+2 Int-3 Stlth+} (You found it on
                  | level 13 of the Dungeon)
 23286 | D:14     | Noticed Josephine
 23310 | D:14     | Reached skill level 14 in Spellcasting
 23320 | D:14     | Killed Josephine
 23410 | D:14     | Found a gate to the Vaults.
 23410 | D:14     | Noticed an ironheart preserver
 23422 | D:14     | Noticed Agnes
 23439 | D:14     | Killed Agnes
 23441 | D:14     | Killed an ironheart preserver
 23441 | D:14     | Reached XP level 16. HP: 108/122 MP: 24/34
 23822 | D:14     | Noticed Azrael
 23831 | D:14     | Killed Azrael
 23831 | D:14     | Reached skill level 15 in Spellcasting
 23934 | D:14     | Noticed Jorgrun
 24110 | D:14     | Killed Jorgrun
 24387 | D:14     | Found a portal to a secret trove of treasure.
 24422 | D:15     | Entered Level 15 of the Dungeon
 24834 | D:15     | HP: 3/122 [fire dragon (8)]
 24834 | D:15     | Slain by a fire dragon

Levels and vault maps discovered:
D:1:      eino_arrival_water_star, layout_basic, minmay_misc_feat_hallway
D:2:      layout_loops_ring, uniq_sigmund
D:3:      layout_basic, overflow_temple_1_default, serial_glass,
          glass_columns_a, glass_columns_b, trog_wizard
D:4:      layout_layer_cave, okawaru_gym_becter, first_ration,
          minmay_manual_mail
D:5:      layout_basic, minmay_temple_entry_large_hall
D:6:      layout_rooms, lemuel_round_altar, nicolae_overflow_hidden_temple,
          eat_drink_and_be_merry_uskayaw, serial_shops, shop,
          kennysheep_nondescript, hangedman_decor_slide_cut,
          kennysheep_windowed_goal, uniq_eustachio
D:7:      layout_rooms
D:8:      layout_basic, uniq_harold
D:9:      layout_loops_ring, old_standard_altar, hiddenorc1_lemuel,
          serial_shops, nicolae_shop_waterfront, shop_statue, shop, shop,
          shop_coins, basic_altar
D:10:     layout_rooms, david_lair_generic, serial_shops,
          nicolae_shop_competitors_out_of_business, serial_bayou,
          serial_bayou_pond_e, serial_bayou_pond_e, serial_bayou_ford_a,
          serial_bayou_pond_d, blue_anna_alchemist [blue_anna_fruit_fields,
          blue_anna_fruit_fields]
D:11:     layout_roguey, hangedman_weighted_door, uniq_grum
D:12:     layout_loops_ring, serial_shops, bzr_entry_road
D:13:     layout_gridville, ebering_ghost_xom
D:14:     layout_basic, skrybe_vaults_entry_preservation,
          nicolae_trove_entry_diagonal, infiniplex_staircase_star, uniq_agnes,
          uniq_josephine, uniq_azrael, uniq_jorgrun
D:15:     gammafunk_enter_depths_forms, layout_irregular_city,
          hangedman_abyss_or_decor_clamps
Temple:   eino_temple_rhombus
Lair:1:   layout_cave_shapes, hellmonk_ghost_happy_afterlife, special_room
          [special_room_bee], st_stairs_3
Lair:2:   layout_gridlike, st_stairs_7, infiniplex_staircase_pool_2
Lair:3:   layout_long_grid, nicolae_swamp_entry_splash_gauntlet,
          lemuel_fruit_fields
Lair:4:   layout_cave_shapes, minmay_snake_entry_guardpost_small,
          zaba_antful_of_joy
Lair:5:   layout_roguey
Lair:6:   guppyfry_lair_end_dragon, layout_regular_city, slime_altar_1,
          worms_lemuel, lemuel_fruit_tree
Orc:1:    layout_caves
Orc:2:    st_orc_open, layout_caves, basic_altar

Skill      XL: |  1  2  3  4  5  6  7  8  9 10 11 12 13 14 15 16 |
---------------+-------------------------------------------------+-----
Conjurations   | 1 2 3 4 6 |  6.0
Fire Magic     | 2 3 5 |  5.0
Air Magic      | 1 2 4 5 |  5.1
Necromancy     | 2 7 9 10 | 10.0
Spellcasting   | 6 7 10 14 15 | 15.8
Dodging        | 2 8 11 12 | 12.8
Earth Magic    | 10 | 10.0
Fighting       | 1 6 9 10 | 10.0
Armour         | 1 6 9 10 | 10.0
Shields        | 3 |  3.0
Stealth        | |  2.4
Summonings     | |  1.0
Translocations | |  0.8

Action                   |  1- 3 |  4- 6 |  7- 9 | 10-12 | 13-15 | 16-18 || total
-------------------------+-------+-------+-------+-------+-------+-------++-------
Melee: Dagger            |    12 |    35 |       |       |       |       ||    47
       Spear             |       |    31 |   137 |       |       |       ||   168
       Short sword       |       |       |    77 |    49 |       |       ||   126
       Staff             |       |       |       |     9 |       |       ||     9
       Mace              |       |       |       |     5 |       |       ||     5
       Hunting sling     |       |       |       |       |     2 |       ||     2
       Rapier            |       |       |       |       |   509 |   131 ||   640
       Battleaxe         |       |       |       |       |     2 |       ||     2
       Kick              |       |       |       |       |     2 |       ||     2
 Fire: Hunting sling     |       |       |    59 |   425 |   604 |       ||  1088
Throw: Boomerang         |       |       |     6 |       |       |       ||     6
       Stone             |       |       |     1 |       |       |       ||     1
 Cast: Magic Dart        |    88 |    76 |    49 |    14 |     7 |       ||   234
       Mephitic Cloud    |       |     8 |    29 |    52 |    63 |     1 ||   153
       Conjure Flame     |       |    11 |    21 |    48 |    50 |     6 ||   136
       Vampiric Draining |       |       |       |    12 |    13 |       ||    25
       Borgnjor's Vile C |       |       |       |    19 |   113 |    30 ||   162
       Dispel Undead     |       |       |       |     1 |    16 |     2 ||    19
Invok: Receive Necronomi |       |       |       |       |     1 |       ||     1
       Renounce Religion |       |       |       |       |     1 |       ||     1
 Abil: Dig               |     1 |    15 |    19 |    28 |    34 |     2 ||    99
Evoke: Wand              |       |       |     5 |       |       |     2 ||     7
  Use: Scroll            |       |     8 |     2 |    12 |    14 |       ||    36
       Potion            |       |     4 |       |     4 |     3 |     1 ||    12
 Stab: Confused          |       |     3 |     7 |     2 |     6 |       ||    18
       Paralysed         |       |       |    12 |       |       |       ||    12
       Distracted        |       |       |     1 |       |     4 |     1 ||     6
       Sleeping          |       |       |     1 |       |     1 |       ||     2
  Eat: Chunk             |     3 |    12 |    17 |    26 |     2 |       ||    60
       Ration            |       |       |       |       |    16 |     3 ||    19
Armor: Robe              |     9 |     5 |     9 |       |       |       ||    23
       Leather armour    |       |       |    20 |    45 |       |       ||    65
       Troll leather arm |       |       |       |       |   321 |    65 ||   386
Dodge: Dodged            |    19 |    32 |   103 |   130 |   839 |   141 ||  1264
Block: Buckler           |       |       |       |       |   104 |    32 ||   136
